 Dungeon Crawl Stone Soup version 0.23.1-37-gaa34b87 (webtiles) character file.

Game seed: 8793950857108690560

98 Inchmeat the Cudgeler (level 4, -3/26 HPs)
             Began as a Gargoyle Gladiator on Mar 21, 2019.
             Was an Initiate of Makhleb.
             Killed from afar by an orc wizard (9 damage)
             ... with a magic dart
             ... on level 3 of the Dungeon.
             The game lasted 00:02:00 (2523 turns).

Inchmeat the Cudgeler (Gargoyle Gladiator)          Turns: 2523, Time: 00:02:01

Health: -3/26      AC:  7    Str: 18    XL:     4   Next: 71%
Magic:  4/4        EV: 12    Int:  9    God:    Makhleb [......]
Gold:   100        SH:  4    Dex: 11    Spells: 3/3 levels left

rFire    . . .     SeeInvis .   a - +0 flail
rCold    . . .     Gourm    .   g - +0 buckler
rNeg     + . .     Faith    .   b - +0 leather armour
rPois    ∞         Spirit   .   c - +0 helmet
rElec    +         Reflect  .   (no cloak)
rCorr    .         Harm     .   (no gloves)
MR       .....                  (no boots)
Stlth    +.........             (no amulet)
HPRegen  0.08/turn              (no ring)
MPRegen  0.09/turn              (no ring)

@: no status effects
A: negative energy resistance 1, electricity resistance, unbreathing,
petrification resistance, rot immunity, AC +3
a: Renounce Religion


You were on level 3 of the Dungeon.
You worshipped Makhleb.
Makhleb was noncommittal.
You were very hungry.

You visited 1 branch of the dungeon, and saw 3 of its levels.

You collected 100 gold pieces.

Inventory:

Hand Weapons
 a - a +0 flail (weapon)
Missiles
 d - 3 throwing nets (quivered)
Armour
 b - a +0 leather armour (worn)
 c - a +0 helmet (worn)
 g - a +0 buckler (worn)
Scrolls
 e - a scroll of amnesia {unknown}
 h - 2 scrolls of fear {unknown}
 j - a scroll of fog {unknown}
 p - a scroll of identify {unknown}
Potions
 i - a potion of brilliance {unknown}
 k - 2 potions of degeneration {unknown}
 l - 2 potions of curing {unknown}
 m - a potion of agility {unknown}
 n - a potion of berserk rage {unknown}
 o - a potion of magic {unknown}
Comestibles
 f - 5 rations


   Skills:
 - Level 2.1 Fighting
 + Level 4.2 Maces & Flails
 - Level 1.7 Throwing
 - Level 2.4 Dodging
 * Level 3.1 Shields


You had 3 spell levels left.
You didn't know any spells.
Your spell library was empty.

Dungeon Overview and Level Annotations

Branches:
Dungeon (3/15)

Altars:
Makhleb
Trog


Innate Abilities, Weirdness & Mutations

You are resistant to torment.
Your stone body is resilient. (AC +3)
You are immune to poison.
You resist negative energy. (rN+)
You are resistant to electric shocks. (rElec)
You can survive without breathing.
You are immune to petrification.
You are immune to rotting.


Message History

Somethin' hits ye.
Thin's tha be 'ere: a +0 club; a +0 dagger Ye miss somethin'.
Somethin' hits ye but does nay damage. x2
Ye miss somethin'.
Somethin' barely misses ye.
Ye miss somethin'.
Somethin' hits ye but does nay damage.
Ye hit somethin'.
Somethin' barely misses ye.
Ye miss somethin'.
Ye hear some strange, mumbled words.
A puff o' flame appears from outta thin air!
Tha puff o' flame hits ye.
* * * LOW HITPOINT WARNIN'
* * * Ye miss somethin'.
Somethin' hits ye but does nay damage. x2
Ye miss somethin'.
Somethin' hits ye but does nay damage.
Ye completely miss somethin'.
Somethin' hits ye but does nay damage.
Ye miss somethin'.
Ye hear some strange, mumbled words.
A magic dart appears from outta thin air!
Tha magic dart hits ye!
Ye die...

#...................#
#......#####.##.....##
#.##.#.# #.#........
#.#.###.## #.#........
#..## #.# #..........
###.###.## ######...##
##.#.# ##...# ##.#
#...## #@# # #...<.#
#.#?## #.......#
#o)..# #.........
#.†.....#####.....
#....#### ##....
.....# .... #.##.#
..#. ... .# ... .#


You could see an orc.

Vanquished Creatures
  4 adders
  An ooze (D:2)
  2 worms (D:2)
  A dart slug (D:2)
  3 orcs (D:3)
  5 giant cockroaches
  5 goblins (D:1)
  6 hobgoblins
  2 jackals (D:2)
  9 bats
  3 frilled lizards
  3 kobolds
  3 rats (D:1)
47 creatures vanquished.

Vanquished Creatures (others)
  4 toadstools (D:1)
4 creatures vanquished.

Grand Total: 51 creatures vanquished

Notes
Turn   | Place    | Note
-------+----------+-------------------------------------------
     0 | D:1      | Inchmeat the Gargoyle Gladiator began the quest for the
                  | Orb.
     0 | D:1      | Reached XP level 1. HP: 12/12 MP: 1/1
    75 | D:1      | Reached XP level 2. HP: 7/17 MP: 2/2
   932 | D:1      | Reached skill level 1 in Shields
  1082 | D:1      | Reached XP level 3. HP: 21/21 MP: 3/3
  1395 | D:2      | Reached skill level 4 in Maces & Flails
  1830 | D:2      | Reached XP level 4. HP: 22/26 MP: 4/4
  2321 | D:3      | Found a burning altar of Makhleb.
  2323 | D:3      | Found a bloodstained altar of Trog.
  2337 | D:3      | Became a worshipper of Makhleb the Destroyer
  2523 | D:3      | Killed from afar by an orc wizard

Skill      XL: |  1  2  3  4 |
---------------+-------------+-----
Shields        | 1 2 3 |  3.1
Maces & Flails | 4 |  4.2
Fighting       | |  2.1
Throwing       | |  1.7
Dodging        | |  2.4

Action                   |  1- 3 |  4- 6 || total
-------------------------+-------+-------++-------
Melee: Flail             |   111 |    60 ||   171
Throw: Throwing net      |     1 |       ||     1
 Stab: Sleeping          |     1 |       ||     1
  Eat: Chunk             |     1 |     3 ||     4
Armor: Leather armour    |    48 |    25 ||    73
Dodge: Dodged            |    84 |    35 ||   119
Block: Buckler           |    14 |     9 ||    23
